[Event "*** Titled Tuesday 3|2 Blitz"]
[Site "Chess.com"]
[Date "2015.03.03"]
[Round "3"]
[White "GeorgMeier"]
[Black "Cryptochess"]
[Result "1-0"]
[WhiteElo "2733"]
[BlackElo "2392"]
[TimeControl "180+2"]
[EndTime "11:38:05 PST"]
[Termination "GeorgMeier won by resignation"]

1. Nf3 Nf6 2. g3 e6 3. Bg2 d5 4. O-O Be7 5. c4 dxc4 6. Na3 c6 7. Nxc4 O-O 8. d4 Nbd7 9. b3 b5 10. Nce5 Bb7 11. Bb2 c5 12. Rc1 Rc8 13. dxc5 Nxc5 14.
Rc2 Qb6 15. Qa1 Nxb3 16. Qb1 Nc5 17. Rd2 Nce4 18. Rc2 Bc5 19. Nd3 Be7 20. Bd4 Qa5 21.
Rfc1 Rxc2 22. Rxc2 Rc8 23. Nfe5 Rxc2 24. Qxc2 Bd6 25. f3 Bxe5 26. Bxe5 Qb6+ 27. Kf1 Nd6 28.
Qc5 Nc4 29. Bd4 Qxc5 30. Nxc5 Bc6 31. e4 a5 32. Ke2 e5 33. Bf2 Nd7 34. Kd3 Nd6 35.
Bh3 Nxc5+ 36. Bxc5 Nc4 37. Kc3 g6 38. a4 Kg7 39. Bf1 f6 40. axb5 Bxb5 41. Bxc4 Bxc4 42. Kxc4 f5 43. Kd5 fxe4 44. fxe4 Kf6 45. Bd6 a4 46.
Bxe5+ Kg5 47. Bb2 Kg4 48. e5 g5 49. e6 h5 50. e7 Kh3 51. e8=Q h4 52. gxh4 g4 53.
Qe6 Kg2 54. Qxg4+ Kh1 55. Qf3+ Kg1 56. Bd4+ Kxh2 57. h5 a3 58. h6 a2 1-0

[Event "*** Titled Tuesday 3|2 Blitz"]
[Site "Chess.com"]
[Date "2015.03.03"]
[Round "3"]
[White "alturas_pacificas"]
[Black "Danirod"]
[Result "0-1"]
[WhiteElo "2059"]
[BlackElo "2316"]
[TimeControl "180+2"]
[EndTime "11:38:17 PST"]
[Termination "Danirod won by resignation"]

1. d4 Nf6 2. Bf4 b6 3. Nf3 Bb7 4. e3 e6 5. Bd3 c5 6. c3 Nc6 7. Nbd2 Be7 8. h3 d6 9. O-O O-O 10. a4 Rc8 11. Qe2 Re8 12. Bh2 Bf8 13. Nc4 g6 14. Rad1 d5 15. Nce5 c4 16. Bc2 Qe7 17.
Ra1 Bg7 18. Rfe1 Nd7 19. Nxd7 Qxd7 20. e4 e5 21. exd5 Qxd5 22. Be4 Qd7 23. Bxc6 Bxc6 24. dxe5 Bxa4 25. Nd4 a5 26. f4 Bc6 27. Rad1 Qb7 28.
Kh1 b5 29. Bg1 Bh6 30. Qg4 Bg7 31. Rd2 b4 32. Rc1 Be4 33. Qe2 Bd5 34. cxb4 axb4 35. Rdc2 Qd7 36. Nf3 Bh6 37. Be3 Qf5 38. Kh2 Bxf4+ 39.
Bxf4 Qxf4+ 40. Kg1 c3 41. bxc3 bxc3 42. Rxc3 Qxc1+ 43. Rxc1 Rxc1+ 44. Kh2 Rc6 45. Nd4 Rc4 46. Qe3 Be6 47. Nb5 Rb8 48. Nd6 Rc2 49. Qg5 Bd5 0-1

[Event "*** Titled Tuesday 3|2 Blitz"]
[Site "Chess.com"]
[Date "2015.03.03"]
[Round "3"]
[White "Brandon_Clarke"]
[Black "WanderingPuppet"]
[Result "1-0"]
[WhiteElo "2314"]
[BlackElo "2095"]
[TimeControl "180+2"]
[EndTime "11:38:22 PST"]
[Termination "Brandon_Clarke won on time"]

1. e4 c5 2. Nf3 d6 3. d4 cxd4 4.
Nxd4 Nf6 5. Nc3 a6 6. Rg1 e6 7.
g4 h6 8. Be3 b5 9. Bg2 e5 10. Nf5 g6 11. Ng3 Bxg4 12. f3 Be6 13. Qd2 Nbd7 14. O-O-O Qa5 15. Kb1 b4 16. Nd5 Bxd5 17.
exd5 Bg7 18. h4 h5 19. Bh3 Nb6 20. Bxb6 Qxb6 21. f4 exf4 22. Rge1+ Kf8 23. Qxf4 a5 24. Rf1 Ra7 25. Ne4 Nxe4 26. Qxe4 Rh6 27. Rde1 Qd8 28. Be6 Kg8 29. Bxf7+ Rxf7 30. Qe6 Qf8 31. Rxf7 Qxf7 32.
Qxd6 g5 33. Qd8+ Qf8 34. Qxg5 Qf6 35. Qc1 Rg6 36. Re6 Qf5 37. Rxg6 Qxg6 38. Qd2 Qd6 39. c4 bxc3 40. bxc3 Qb6+ 41. Kc2 Bf8 42. Qg5+ Kf7 43. Qxh5+ Ke7 44. Qe5+ Kd8 45. Kd3 Qg6+ 46. Qe4 Qg3+ 47.
Kc4 Be7 48. h5 Qh2 49. a4 Qg1 50. Qd4 1-0

[Event "*** Titled Tuesday 3|2 Blitz"]
[Site "Chess.com"]
[Date "2015.03.03"]
[Round "3"]
[White "asms9699"]
[Black "DanielRensch"]
[Result "1-0"]
[WhiteElo "2227"]
[BlackElo "2265"]
[TimeControl "180+2"]
[EndTime "11:38:38 PST"]
[Termination "asms9699 won by resignation"]

1. c4 e5 2. g3 Nf6 3. Bg2 d5 4.
cxd5 Nxd5 5. Nc3 Nb6 6. Nf3 Nc6 7. O-O Be7 8. a3 O-O 9. b4 Re8 10. d3 Bf8 11. Bb2 h6 12. Rc1 a5 13. b5 Nd4 14.
Nd2 a4 15. e3 Ne6 16. Qc2 Nc5 17.
d4 exd4 18. exd4 Ne6 19. d5 Ng5 20. h4 Nh7 21. Rfe1 Rxe1+ 22. Rxe1 Nf6 23. Qd3 Bg4 24.
Nc4 Nxc4 25. Qxc4 Qd7 26. Nxa4 Re8 27. Rxe8 Nxe8 28. Nc5 Bxc5 29. Qxc5 b6 30. Qc6 Qe7 31. Qc3 Qe2 32. Qe5 Qxb5 33. Bf1 Qd7 34. Qd4 f6 35. a4 Nd6 36. Ba3 Bf3 37. Qd3 Be4 38. Qd4 Qf5 39.
Qe3 Qxd5 40. Bxd6 cxd6 41. Qxb6 Qc5 42. Qxc5 dxc5 43. a5 Kf7 44. a6 c4 45. Bxc4+ Ke7 46. Bf1 Kd6 47. Bg2 Bxg2 48. Kxg2 Kc6 49. Kf3 Kb6 50. Ke4 Kxa6 51. Kf5 Kb5 52. Kg6 Kc4 53. Kxg7 Kd4 54. Kxf6 1-0

[Event "*** Titled Tuesday 3|2 Blitz"]
[Site "Chess.com"]
[Date "2015.03.03"]
[Round "3"]
[White "raskolnnikov"]
[Black "Malev212"]
[Result "1-0"]
[WhiteElo "2278"]
[BlackElo "2062"]
[TimeControl "180+2"]
[EndTime "11:38:52 PST"]
[Termination "raskolnnikov won on time"]

1. d4 Nf6 2. c4 e6 3. Nc3 Bb4 4.
e3 O-O 5. Bd3 d5 6. Nf3 b6 7.
O-O Bb7 8. cxd5 exd5 9. a3 Bd6 10. b4 a6 11. Qb3 Re8 12. a4 Nc6 13. Ba3 a5 14. b5 Nb4 15. Be2 Ne4 16. Na2 Nc2 17. Qxc2 Bxa3 18. Ne5 Bd6 19. f3 Nf6 20. f4 Ne4 21.
Bd3 Qe7 22. Bxe4 dxe4 23. Nc3 f6 24. Nc4 Bb4 25. Ne2 Rac8 26. Rac1 Bd5 27. f5 Qd7 28. g4 Bf7 29. Nd2 Bxd2 30. Qxd2 h5 31. h3 c6 32.
bxc6 Rxc6 33. Rxc6 Qxc6 34. gxh5 Qxa4 35. h6 Rc8 36. hxg7 Rc2 37. Qe1 Qb5 38. Qh4 Kxg7 39. Nf4 Qxf5 40. Kh1 Kf8 41. d5 Qg5 42. Qh8+ Ke7 43.
Qb8 Qe5 44. Qxb6 Qb2 45. d6+ Kd7 46. Qa7+ Kxd6 47. Qxf7 Rf2 48. Qd5+ Kc7 49. Qc4+ Kb8 50. Kg1 Rxf1+ 51. Qxf1 Qc3 52. Qb5+ Ka7 53. Kf2 Qd2+ 54. Ne2 1-0

[Event "*** Titled Tuesday 3|2 Blitz"]
[Site "Chess.com"]
[Date "2015.03.03"]
[Round "3"]
[White "lorcho"]
[Black "Irochka83"]
[Result "0-1"]
[WhiteElo "2348"]
[BlackElo "2293"]
[TimeControl "180+2"]
[EndTime "11:39:20 PST"]
[Termination "Irochka83 won by resignation"]

1. e4 e6 2. d4 d5 3. Nd2 c5 4.
exd5 Qxd5 5. Ngf3 cxd4 6. Bc4 Qd7 7. Qe2 a6 8. Nb3 b5 9. Bd3 Nc6 10. O-O Bb7 11. Rd1 Bd6 12. Be4 Nf6 13. Bxc6 Qxc6 14.
Nbxd4 Qe4 15. Qxe4 Nxe4 16. Ng5 Ke7 17. Nxe4 Bxe4 18.
Re1 Bg6 19. Bg5+ Kd7 20. c3 e5 21. Nb3 f6 22. Be3 Rhc8 23. Red1 Ke6 24. Na5 Be8 25. Rd2 Be7 26. Rad1 Rd8 27. Nb7 Rxd2 28. Rxd2 Rc8 29. f3 f5 30. Na5 g5 31. Nb3 f4 32.
Bf2 Bg6 33. Kf1 e4 34. Nd4+ Kf7 35. fxe4 Bxe4 36. g3 b4 37. gxf4 gxf4 38. Ne2 f3 39. Ng3 Bg6 40. Bd4 bxc3 41. Bxc3 Bc5 42. h4 h5 43. Rd5 Be3 44. Nxh5 Be4 45. Rd6 Rg8 46. Rf6+ Ke7 47. Bb4+ Kd7 48. Rf7+ Kc6 49. Ng7 Bd3+ 50. Ke1 f2+ 51. Rxf2 Bxf2+ 52. Kxf2 Rxg7 53. Ke3 Bc4 54. a3 Kb5 55. Bc3 Rh7 56. Bf6 Ka4 57. Kf4 Kb3 58. Kg5 Bd3 59. h5 a5 60. h6 a4 61. Bc3 Rb7 62. Kf6 Bh7 63. Kg5 Kc2 64. Kf6 Rxb2 65. Be5 Rb7 66. Bd6 Kb3 67. Bc5 Ka2 68. Bf8 Rb3 69.
Kg7 Be4 70. h7 0-1

[Event "*** Titled Tuesday 3|2 Blitz"]
[Site "Chess.com"]
[Date "2015.03.03"]
[Round "3"]
[White "Mazetovic"]
[Black "megarompa"]
[Result "0-1"]
[WhiteElo "2283"]
[BlackElo "2639"]
[TimeControl "180+2"]
[EndTime "11:39:25 PST"]
[Termination "megarompa won by resignation"]

1. e4 c5 2. Nf3 e6 3. c4 Nc6 4. Nc3 Nf6 5. Be2 Be7 6. O-O O-O 7. d4 cxd4 8. Nxd4 d6 9. Be3 a6 10. Rc1 Bd7 11. Qd2 Rc8 12. b3 Nxd4 13. Bxd4 Bc6 14. f3 Nd7 15. Rfd1 a5 16. Bf1 Nc5 17. Nb5 Bg5 18. Be3 Bxe3+ 19. Qxe3 Bxb5 20. cxb5 Qb6 21. Rc2 Rfd8 22. Rdc1 Nd7 23. Kf2 Rc5 24. Rxc5 dxc5 25. Rd1 Qc7 26. g3 Ne5 27. Rd2 b6 28. Be2 Rxd2 29. Qxd2 Nd7 30. f4 e5 31. Bc4 exf4 32.
gxf4 Nf6 33. Kf3 g6 34. e5 Qb7+ 35. Ke2 Nh5 36. e6 fxe6 37. Bxe6+ Kg7 38. Qc3+ Kh6 39. Kf2 Qe4 40. Qe3 Qxf4+ 41. Qxf4+ Nxf4 42. Bc8 Kg5 43. Kf3 Nd5 44. a4 Kf6 45. Ke4 Nc3+ 46. Kf4 g5+ 47. Ke3 Ke5 48. h3 Ne4 49. Kf3 Nd2+ 50. Kg4 Nxb3 51. Kxg5 Nd4 52. Kh6 c4 53. Bg4 c3 54.
Bd1 c2 55. Bxc2 Nxc2 56. Kxh7 Kf5 57. Kg7 Nd4 58. h4 Kg4 59. Kf6 Nxb5 60. Ke5 Nc3 61. Kd6 Nxa4 62. Kc6 Kxh4 63. Kb5 Kg5 64. Kxa4 Kf4 65. Kb5 Ke4 66. Kxb6 a4 67. Kb5 a3 0-1

[Event "*** Titled Tuesday 3|2 Blitz"]
[Site "Chess.com"]
[Date "2015.03.03"]
[Round "3"]
[White "Hafez_Bakr"]
[Black "Mvpag"]
[Result "1-0"]
[WhiteElo "1837"]
[BlackElo "1851"]
[TimeControl "180+2"]
[EndTime "11:39:54 PST"]
[Termination "Hafez_Bakr won by resignation"]

1. e4 e5 2. Nf3 Nc6 3. Bb5 a6 4. Ba4 Nf6 5. O-O b5 6. Bb3 Be7 7. Re1 d6 8. h3 O-O 9. c3 Na5 10.
Bc2 c5 11. d4 exd4 12. cxd4 Nd7 13. d5 Nc4 14. Nbd2 Nce5 15. Nxe5 Nxe5 16. Nf3 Nxf3+ 17. Qxf3 Bf6 18. Rb1 Re8 19. b3 Be5 20. Qd3 Qh4 21. Bb2 Bd7 22. Re3 g6 23. Ree1 Re7 24. Rf1 Qf4 25. Bxe5 Rxe5 26. g3 Qh6 27. h4 Rae8 28. f4 Rxe4 29. Qxe4 Rxe4 30. Bxe4 Qg7 31. Kg2 Qd4 32.
Bf3 h5 33. Rbd1 Qc3 34. Rfe1 Bf5 35. Re2 a5 36. Rde1 Kg7 37. Re3 Qd4 38. Re7 c4 39. bxc4 Qxc4 40. R7e3 Qxa2+ 41. R1e2 Qc4 42. Ra3 a4 43.
Raa2 Bd3 44. Red2 Be4 45. Bxe4 Qxe4+ 46. Kh2 Qe3 47. Rab2 a3 48. Ra2 b4 49. Re2 Qc3 50.
Rac2 Qd4 51. Rcd2 Qc5 52. Rc2 Qb5 53. Red2 b3 54. Rc3 b2 55. Rxa3 b1=Q 56. Raa2 Qe4 57. Rab2 Qbxd5 58. Rxd5 Qxd5 59. Rf2 Qe4 60. Kh3 d5 61. g4 Qh1+ 62. Kg3 Qg1+ 63. Rg2 Qe1+ 64. Kh3 hxg4+ 65. Kxg4 d4 66. Kf3 Qe2+ 67. Kxe2 Kf6 68. Kd3 Kf5 69. Kxd4 Kxf4 70. Rf2+ Kg4 71. Rxf7 Kxh4 72.
Ke4 g5 73. Kf3 g4+ 74. Kg2 1-0

[Event "*** Titled Tuesday 3|2 Blitz"]
[Site "Chess.com"]
[Date "2015.03.03"]
[Round "3"]
[White "jup1978"]
[Black "michaelk123"]
[Result "1/2-1/2"]
[WhiteElo "2132"]
[BlackElo "1900"]
[TimeControl "180+2"]
[EndTime "11:40:09 PST"]
[Termination "Game drawn by repetition"]

1. e4 c5 2. Nf3 e6 3. g3 d5 4. exd5 exd5 5. d4 Nf6 6. Bg2 Nc6 7.
O-O Be7 8. Nc3 h6 9. Be3 cxd4 10.
Bxd4 Be6 11. Re1 O-O 12. Ne5 Rc8 13. Nxc6 bxc6 14. Rb1 c5 15. Bxf6 Bxf6 16. Nxd5 Bxd5 17. Bxd5 c4 18. Qf3 Qa5 19. b3 Qxa2 20. Bxc4 Qxc2 21. Rbc1 Qg6 22. Re4 Rce8 23. Rg4 Qh7 24. Qxf6 Re4 25. Bxf7+ Kh8 26. Qf3 Re7 27. Rf4 g5 28. Qc3+ Qg7 29.
Rf6 Rexf7 30. Rxh6+ Kg8 31. Qxg7+ Kxg7 32. Rhc6 Rxf2 33.
Rc7+ R2f7 34. Rxf7+ Rxf7 35. Rc5 Kg6 36. Rb5 Rf3 37.
Kg2 Rc3 38. Kh3 a6 39. Rb6+ Kf5 40. Rxa6 Rxb3 41. Ra5+ Kg6 42. Ra4 Kf5 43. Ra5+ Kg6 44. Kg4 Rb4+ 45. Kh3 Rb2 46. Rc5 Ra2 47. Kg4 Ra4+ 48.
Kh3 Ra3 49. Rc6+ Kf5 50. Rc2 Rb3 51. Rf2+ Kg6 52. Kg4 Rb4+ 53. Kh3 Rb3 54. Kg2 g4 55. h4 gxh3+ 56. Kxh3 Ra3 57. Rb2 Ra4 58. Rb6+ Kg7 59. g4 Ra5 60. Kh4 Rc5 61. g5 Rc1 62. Rb7+ Kg6 63.
Rb6+ Kg7 64. Rb4 Kg6 65. Rb6+ Kg7 66. Kg4 Rg1+ 67. Kf5 Rf1+ 68. Ke5 Rg1 69. Kf5 Rf1+ 70. Kg4 Rg1+ 71. Kh4 Rh1+ 72. Kg3 Rg1+ 73. Kf4 Rf1+ 74.
Kg4 Rg1+ 75. Kf4 Rf1+ 76. Kg4 Rg1+ 77. Kf4 Rf1+ 78. Kg4 Rg1+ 1/2-1/2

[Event "*** Titled Tuesday 3|2 Blitz"]
[Site "Chess.com"]
[Date "2015.03.03"]
[Round "3"]
[White "Bab3s"]
[Black "Tirantes"]
[Result "0-1"]
[WhiteElo "2059"]
[BlackElo "2258"]
[TimeControl "180+2"]
[EndTime "11:40:12 PST"]
[Termination "Tirantes won by resignation"]

1. e4 c6 2. d4 d5 3. exd5 cxd5 4. c4 e6 5. Nc3 Nf6 6. Nf3 Be7 7. cxd5 Nxd5 8. Bd3 O-O 9. O-O Nc6 10. Re1 Nf6 11. Bg5 b6 12. Qe2 Bb7 13. Rad1 Rc8 14. Bb1 Nb4 15. Ne5 Nbd5 16. Nxd5 Qxd5 17.
f3 Qd8 18. Qd3 g6 19. a3 Nd7 20. Bh6 Nxe5 21. Rxe5 Bf6 22. Ree1 Re8 23. Ba2 Bd5 24.
Bxd5 Qxd5 25. Qe4 Red8 26. Qxd5 Rxd5 27. Be3 Rc4 28. Rc1 Rxc1 29. Rxc1 Bxd4 30. Bxd4 Rxd4 31.
Rc7 a5 32. Rb7 Rd1+ 33. Kf2 Rd2+ 34. Kg3 Rxb2 35. a4 h5 36. h4 Kg7 37. Kh3 Kf6 38. g4 hxg4+ 39. Kxg4 Rb4+ 40. Kg3 Rxa4 41. Rxb6 Rb4 42.
Ra6 a4 43. Ra5 e5 44. Ra7 Ke6 45. Ra6+ Kf5 46. Ra7 f6 47. Ra6 Rc4 48. Ra5 Rb4 49. Ra6 e4 50. fxe4+ Rxe4 51. Ra5+ Ke6 52. Ra6+ Kf7 53.
Ra7+ Kg8 54. Ra6 Kg7 55. Ra7+ Kh6 56. Ra8 f5 57. Rh8+ Kg7 58. Ra8 Rg4+ 59. Kh3 Rb4 60. Kg3 Kf6 61. Ra6+ Kg7 62. Ra7+ Kh6 63. Ra8 Rb3+ 64.
Kf4 Rh3 65. Ke5 Rxh4 66. Kf6 Kh5 67. Rh8+ Kg4 68. Ra8 Kg3 69. Kxg6 f4 70. Rxa4 f3 0-1

[Event "*** Titled Tuesday 3|2 Blitz"]
[Site "Chess.com"]
[Date "2015.03.03"]
[Round "3"]
[White "KyronGriffith"]
[Black "SuPeR_Fm"]
[Result "1/2-1/2"]
[WhiteElo "2164"]
[BlackElo "2357"]
[TimeControl "180+2"]
[EndTime "11:40:26 PST"]
[Termination "Game drawn by repetition"]

1. e4 e6 2. d3 d5 3. Nd2 Nf6 4.
Ngf3 Nc6 5. Be2 dxe4 6. dxe4 e5 7. O-O Bc5 8. c3 a5 9. Qc2 O-O 10. h3 Qe7 11. Re1 Nh5 12. Nf1 Rd8 13. Bg5 f6 14.
Be3 Bxe3 15. Nxe3 Nf4 16. Bf1 Be6 17. Rad1 a4 18. Nf5 Qf7 19. Rxd8+ Nxd8 20. a3 Nc6 21. g3 Qh5 22. N3h4 Ng6 23. Nf3 Nge7 24. g4 Qf7 25. N3h4 Ng6 26. Nxg6 hxg6 27. Ne3 Ne7 28. Qe2 c6 29. Rd1 g5 30. Rd6 Ng6 31. Qd1 Nf4 32.
Kh2 Kh7 33. Ng2 Bb3 34. Qd2 Rh8 35. Nxf4 gxf4 36. f3 Kg6 37. Rd7 Qg8 38. Rxb7 Bc4 39. Qd7 Be6 40. Qxc6 Kg5 41. Qxa4 Qd8 42. Rxg7+ Kh6 43.
Qa7 Qd2+ 44. Kg1 Qe1 45. Re7 Qg3+ 46. Bg2 Qe1+ 47. Kh2 Qg3+ 48. Kh1 Bxg4 49. fxg4 f3 50. Qg1 Kg6 51. Bf1 Rxh3+ 52. Bxh3 Qxh3+ 53. Qh2 Qf1+ 54. Qg1 Qh3+ 55. Qh2 Qf1+ 56. Qg1 Qh3+ 57. Qh2 Qf1+ 58. Qg1 Qh3+ 59. Qh2 Qf1+ 60. Qg1 Qh3+ 61. Qh2 Qf1+ 62. Qg1 1/2-1/2

[Event "*** Titled Tuesday 3|2 Blitz"]
[Site "Chess.com"]
[Date "2015.03.03"]
[Round "3"]
[White "stepanosinovsky"]
[Black "AndreyOstrovskiy"]
[Result "1/2-1/2"]
[WhiteElo "2280"]
[BlackElo "2352"]
[TimeControl "180+2"]
[EndTime "11:40:48 PST"]
[Termination "Game drawn by agreement"]

1. e4 e5 2. Nf3 Nc6 3. Bb5 a6 4.
Ba4 Nf6 5. O-O Be7 6. Re1 b5 7. Bb3 d6 8. Nc3 Bg4 9. Nd5 Nd4 10. c3 Bxf3 11. gxf3 Nxb3 12. Nxf6+ Bxf6 13. axb3 c5 14. f4 exf4 15. d4 O-O 16. Bxf4 Re8 17. dxc5 dxc5 18.
Qxd8 Rexd8 19. Red1 Kf8 20. Rxd8+ Bxd8 21. Rd1 Ke8 22. Rd5 Be7 23. Be3 Rc8 24. f4 a5 25.
Kf2 a4 26. bxa4 bxa4 27. Kf3 g6 28. e5 Rb8 29. Ke4 Rxb2 30. Bxc5 Rxh2 31. Bxe7 Kxe7 32.
Ra5 Ra2 33. Ra7+ Kf8 34. Ra8+ Kg7 35. Ra7 Ra1 36. Kd5 h5 37. e6 h4 38. Rxf7+ Kg8 39.
Rf6 Rd1+ 40. Kc4 Kg7 41. Rf7+ Kg8 42. Rf6 Kg7 43. Rf7+ Kg8 44. f5 gxf5 45. Rxf5 h3 46. Rh5 Kf8 47. Rxh3 Ke7 48. Re3 Rb1 49. Re5 a3 50.
Ra5 Ra1 51. Ra6 Rc1 52. Rxa3 Kxe6 53. Ra8 Kd6 54. Ra6+ Kc7 55. Rh6 Rg1 56. Rh7+ Kc6 57. Rh6+ Kc7 58. Kb4 Rg5 59. Rh7+ Kc6 60. Rh6+ Kc7 61. c4 Rf5 62. Rh7+ Kc6 63. Rh6+ Kc7 64. Rh2 Rg5 65. Ra2 Kb6 66. Re2 Kc6 67. Re6+ Kd7 68.
Ra6 Kc7 69. Rf6 Rh5 70. Rg6 Rf5 71. c5 Rf1 72. Rg7+ Kc6 73. Rg6+ Kc7 74. Kb5 Rb1+ 75.
Kc4 Rc1+ 76. Kd4 Rd1+ 77. Ke4 Re1+ 78. Kd3 Rd1+ 79. Kc4 Rc1+ 80. Kd5 Rd1+ 81. Kc4 Rc1+ 82. Kd5 1/2-1/2

[Event "*** Titled Tuesday 3|2 Blitz"]
[Site "Chess.com"]
[Date "2015.03.03"]
[Round "4"]
[White "ViennaRocket"]
[Black "Rijeka1999"]
[Result "0-1"]
[WhiteElo "2192"]
[BlackElo "2249"]
[TimeControl "180+2"]
[EndTime "11:42:38 PST"]
[Termination "Rijeka1999 won by resignation"]

1. d4 d5 2. c4 c6 3. cxd5 cxd5 4.
Nc3 Nf6 5. f3 Nc6 6. e4 dxe4 7.
d5 exf3 8. dxc6 f2+ 9. Ke2 fxg1=N+ 10. Rxg1 Bg4+ 0-1

[Event "*** Titled Tuesday 3|2 Blitz"]
[Site "Chess.com"]
[Date "2015.03.03"]
[Round "4"]
[White "LADIESGET2KNOWME"]
[Black "Colombiano07"]
[Result "1-0"]
[WhiteElo "2267"]
[BlackElo "1967"]
[TimeControl "180+2"]
[EndTime "11:43:51 PST"]
[Termination "LADIESGET2KNOWME won by resignation"]

1. d4 d5 2. Nc3 e6 3. e4 Bb4 4. e5 c5 5. Bd2 cxd4 6. Nb5 Bxd2+ 7. Qxd2 Nc6 8. f4 Nh6 9. Nd6+ Ke7 10. Nf3 g6 11. Bd3 Qb6 12. f5 Nxf5 13. Qg5+ Kf8 14. Qf6 1-0

[Event "*** Titled Tuesday 3|2 Blitz"]
[Site "Chess.com"]
[Date "2015.03.03"]
[Round "4"]
[White "HansCoolNiemann"]
[Black "Tilicheev_Viacheslav"]
[Result "0-1"]
[WhiteElo "1827"]
[BlackElo "2509"]
[TimeControl "180+2"]
[EndTime "11:45:03 PST"]
[Termination "Tilicheev_Viacheslav won by checkmate"]

1. d4 d5 2. c4 e5 3. dxe5 d4 4. Nf3 Nc6 5. Nbd2 Nge7 6. Nb3 Nf5 7. g4 Nh4 8. Nfxd4 Nxe5 9. Bf4 Bb4+ 10. Bd2 Qe7 11.
Bxb4 Nef3+ 12. Nxf3 Nxf3# 0-1

[Event "*** Titled Tuesday 3|2 Blitz"]
[Site "Chess.com"]
[Date "2015.03.03"]
[Round "4"]
[White "raskolnnikov"]
[Black "GGuseinov"]
[Result "0-1"]
[WhiteElo "2275"]
[BlackElo "2574"]
[TimeControl "180+2"]
[EndTime "11:45:20 PST"]
[Termination "GGuseinov won by resignation"]

1. d4 Nf6 2. c4 g6 3. Nf3 Bg7 4. g3 O-O 5. Bg2 c5 6. d5 b5 7. cxb5 Qa5+ 8. Bd2 Qxb5 9. Bc3 d6 10.
O-O Nbd7 11. a4 Qb7 12. a5 Rb8 13. Nh4 Qb3 14. Qxb3 Rxb3 15. Nd2 Rb8 16. Rfe1 Ba6 17. h3 Ne8 18. Bxg7 Kxg7 19. b3 Nc7 20. Nhf3 Nxd5 21.
e4 Nb4 22. Red1 f6 23. Bf1 Bxf1 24. Kxf1 Ne5 25. Ke2 Nxf3 26. Kxf3 Nc2 27. Rab1 Rb5 28. Rdc1 Nd4+ 29. Ke3 Rfb8 30. b4 Rxb4 31. Rxb4 Rxb4 0-1

[Event "*** Titled Tuesday 3|2 Blitz"]
[Site "Chess.com"]
[Date "2015.03.03"]
[Round "4"]
[White "MITerryble"]
[Black "Chesseducation4u"]
[Result "1-0"]
[WhiteElo "2504"]
[BlackElo "2323"]
[TimeControl "180+2"]
[EndTime "11:45:50 PST"]
[Termination "MITerryble won by resignation"]

1. d4 Nf6 2. Nf3 g6 3. Bg5 Bg7 4. Nbd2 d5 5. c3 O-O 6. e3 Nbd7 7. Be2 Re8 8. O-O e5 9. b4 c6 10. Bh4 Qb6 11. a4 a5 12. bxa5 Qxa5 13. Qc2 exd4 14. cxd4 Nf8 15. Nb3 Qa7 16. a5 Ne4 17. Nfd2 Bf5 18.
Bd3 Nxd2 19. Qxd2 Bxd3 20. Qxd3 Ne6 21. Bg3 c5 22. Qb5 cxd4 23. exd4 Nxd4 24. Nxd4 Bxd4 25. Rad1 Re4 26. Kh1 Qxa5 27. Qxa5 Rxa5 28. f3 1-0

[Event "*** Titled Tuesday 3|2 Blitz"]
[Site "Chess.com"]
[Date "2015.03.03"]
[Round "4"]
[White "BjarkeSahl"]
[Black "1stSecond"]
[Result "1-0"]
[WhiteElo "2085"]
[BlackElo "2360"]
[TimeControl "180+2"]
[EndTime "11:46:22 PST"]
[Termination "BjarkeSahl won by resignation"]

1. e4 e5 2. Nf3 Nc6 3. d4 exd4 4.
Bc4 g6 5. c3 Bg7 6. cxd4 Nge7 7.
Nc3 O-O 8. O-O d6 9. h3 h6 10. Re1 Kh7 11. a3 a6 12. Bf4 b5 13. Ba2 Bb7 14.
Qd2 Na5 15. Rad1 Nc4 16. Qc1 d5 17. e5 Bc8 18. Ne2 Be6 19. Ng3 Qd7 20. Bb1 Kg8 21.
Bxh6 Nf5 22. Bxg7 Kxg7 23. Bxf5 Bxf5 24. Nh4 Be6 25. Qg5 Rh8 26. Qf6+ Kg8 27. Nxg6 fxg6 28.
Qxg6+ Kf8 29. Rd3 Rh7 30. Nh5 Bf5 31. Rf3 Rf7 32. Qh6+ Ke8 33. e6 Bxe6 34. Rxe6+ Kd8 35. Qh8+ Rf8 36. Qxf8+ 1-0

[Event "*** Titled Tuesday 3|2 Blitz"]
[Site "Chess.com"]
[Date "2015.03.03"]
[Round "4"]
[White "SuPeR_Fm"]
[Black "Polemistis"]
[Result "1-0"]
[WhiteElo "2357"]
[BlackElo "1157"]
[TimeControl "180+2"]
[EndTime "11:46:29 PST"]
[Termination "SuPeR_Fm won by resignation"]

1. e4 c6 2. c4 d5 3. exd5 cxd5 4. cxd5 Nf6 5. Qa4+ Nbd7 6. Nc3 g6 7. Nf3 Bg7 8.
Be2 O-O 9. O-O Nb6 10. Qb3 Ne8 11. d4 Nd6 12. Bg5 h6 13. Bh4 Bf5 14. Rfe1 g5 15. Bg3 Rc8 16. Ne5 Bxe5 17. dxe5 Ne4 18. Nxe4 Bxe4 19.
d6 Bd5 20. Qa3 exd6 21. exd6 Nd7 22. Qxa7 f5 23. Qd4 Bc6 24. Bc4+ Kh7 25. Re7+ Kg6 26. Qg7+ Kh5 27. Bf7+ 1-0

[Event "*** Titled Tuesday 3|2 Blitz"]
[Site "Chess.com"]
[Date "2015.03.03"]
[Round "4"]
[White "Gevorg_Harutjunyan"]
[Black "Brandon_Clarke"]
[Result "1-0"]
[WhiteElo "2509"]
[BlackElo "2310"]
[TimeControl "180+2"]
[EndTime "11:47:15 PST"]
[Termination "Gevorg_Harutjunyan won by resignation"]

1. e4 c5 2. Nc3 Nc6 3. Bb5 Nd4 4. Bc4 g6 5. Nf3 Nxf3+ 6. Qxf3 e6 7. d3 Bg7 8. Nb5 d6 9. Bf4 Bf8 10. Qg3 Nf6 11. Nxd6+ Bxd6 12. Bxd6 Nh5 13. Qe5 f6 14. Qxc5 b6 15. Qa3 Kf7 16. g4 Ng7 17. f4 Bd7 18. f5 gxf5 19. gxf5 Qe8 20. O-O-O b5 21.
fxe6+ Nxe6 22. Bd5 Rc8 23. Rdf1 Rg8 24. Be5 Rg2 25.
Rxf6+ Kg8 26. Bc3 h5 27. Qd6 1-0

[Event "*** Titled Tuesday 3|2 Blitz"]
[Site "Chess.com"]
[Date "2015.03.03"]
[Round "4"]
[White "Malev212"]
[Black "Mugzyyy"]
[Result "0-1"]
[WhiteElo "2055"]
[BlackElo "2325"]
[TimeControl "180+2"]
[EndTime "11:47:20 PST"]
[Termination "Mugzyyy won by resignation"]

1. d4 e6 2. c4 Bb4+ 3. Nd2 c5 4. a3 Bxd2+ 5. Qxd2 cxd4 6. Nf3 Nf6 7.
Nxd4 Nc6 8. g3 Qb6 9. Nb5 Ne4 10. Qe3 Qa5+ 11. Bd2 Nxd2 12. Qxd2 Qxd2+ 13. Kxd2 Ke7 14.
c5 b6 15. b4 bxc5 16. bxc5 Rb8 17. Nd6 Ba6 18. Kc3 Na5 19. e4 Bxf1 20. Rhxf1 Nb3 21.
Rab1 Nxc5 22. e5 f6 23. f4 Rb6 24. Rxb6 axb6 25. Rb1 Ra8 26. Nc4 Ra6 27. Kd4 Na4 28. Rb4 Kd8 29. Nd6 fxe5+ 30. fxe5 Kc7 31. Ne8+ Kc6 32.
Rc4+ Nc5 33. Nxg7 Rxa3 34. Rb4 b5 0-1

[Event "*** Titled Tuesday 3|2 Blitz"]
[Site "Chess.com"]
[Date "2015.03.03"]
[Round "4"]
[White "pKiLz5Rn9b"]
[Black "patzerplay"]
[Result "0-1"]
[WhiteElo "2228"]
[BlackElo "2174"]
[TimeControl "180+2"]
[EndTime "11:47:28 PST"]
[Termination "patzerplay won by checkmate"]

1. e4 c5 2. c3 d5 3. exd5 Qxd5 4.
d4 Nf6 5. Nf3 e6 6. Be2 Be7 7. Be3 cxd4 8. cxd4 Nc6 9. Nc3 Qd8 10. O-O O-O 11. Ne5 Nb4 12. Bf3 Nbd5 13. Rc1 Bb4 14. Qb3 Ba5 15. Rfd1 Bb6 16. Nxd5 Nxd5 17.
Bxd5 exd5 18. Nd3 Re8 19. Nc5 Bg4 20. Rd2 Re7 21. Bg5 f6 22. Be3 Qd6 23. Nd3 g5 24. h3 Bf5 25. Nc5 Bc7 26. g3 b6 27. Na6 Bxh3 28. Nxc7 Rxc7 29. Rxc7 Qxc7 30. Qxd5+ Kg7 31. Qxa8 Qc1+ 32. Kh2 Qf1 33. Qh1 Qb1 34. Kxh3 Qxh1+ 35. Kg4 h5+ 36. Kf5 Qd5# 0-1

[Event "*** Titled Tuesday 3|2 Blitz"]
[Site "Chess.com"]
[Date "2015.03.03"]
[Round "4"]
[White "Schemato"]
[Black "Yaacovn"]
[Result "0-1"]
[WhiteElo "2078"]
[BlackElo "2533"]
[TimeControl "180+2"]
[EndTime "11:47:40 PST"]
[Termination "Yaacovn won by checkmate"]

1. c4 e5 2. g3 Nc6 3. Nc3 f5 4. Nf3 Nf6 5. d4 Bb4 6. dxe5 Ne4 7. Bd2 Bxc3 8. Bxc3 Nxc3 9. bxc3 Qe7 10.
Qd5 Qa3 11. Qd3 O-O 12. Bg2 Qe7 13. Qd5+ Kh8 14. O-O Re8 15. Bh3 g6 16. c5 Nxe5 17.
Bg2 Rb8 18. Rfd1 b6 19. cxb6 axb6 20. a4 d6 21. a5 Bb7 22. Qd4 bxa5 23. Rxa5 Bxf3 24.
Bxf3 Qg7 25. Bg2 Rb2 26. e3 h5 27. Ra7 Re7 28. c4 Rb4 29. Bd5 Kh7 30. f4 Ng4 31.
Qxg7+ Kxg7 32. e4 fxe4 33. Re1 e3 34. h3 Nf2 35. Kg2 Rb2 36. Kf3 Nd3 37. Rxe3 Rf2# 0-1